 Dungeon Crawl Stone Soup version 0.21-a0-536-gdbbf329e9e (webtiles) character file.

422506 anonymous161 the Slayer (level 22, -1/222 HPs)
             Began as a Minotaur Fighter on Dec 5, 2017.
             Was a High Priest of Okawaru.
             Killed from afar by a spark wasp (14 damage)
             ... with a living lightning
             ... on level 3 of the Depths on Dec 14, 2017.
             The game lasted 05:25:01 (54272 turns).

anonymous161 the Slayer (Minotaur Fighter)         Turns: 54272, Time: 05:25:01

Health: -1/222     AC: 42    Str: 27    XL:     22   Next: 68%
Magic:  26/26      EV: 19    Int:  5    God:    Okawaru [*****.]
Gold:   2021       SH: 33    Dex: 20    Spells: 21/21 levels left

rFire    + . .     SeeInvis .   a - +7 broad axe "Doyng" {chop, Dex+6}
rCold    + + .     Gourm    .   Q - +0 large shield
rNeg     . . .     Faith    .   M - +9 plate armour "Avedog" {rC+}
rPois    .         Spirit   .   d - +1 hat {MR+}
rElec    .         Reflect  +   W - +1 cloak {MR+}
rCorr    +         Harm     .   K - +2 pair of gloves
MR       +++..                  T - +1 pair of boots {Fly}
Stlth    ..........             v - +5 amulet of reflection
HPRegen  0.47/turn              (no ring)
MPRegen  0.20/turn              j - ring "Icuicune" {rCorr rC+}

@: heroism, flying, hasted, very quick
A: retaliatory headbutt, hooves 2, horns 2, fire resistance 1
}: 2/15 runes: decaying, gossamer
a: Heroism, Finesse, Renounce Religion, Stop Flying


You were on level 3 of the Depths.
You worshipped Okawaru.
Okawaru was extremely pleased with you.
You were not hungry.

You visited 8 branches of the dungeon, and saw 40 of its levels.
You also visited: Ice Cave.

You collected 4774 gold pieces.
You spent 2753 gold pieces at shops.

Inventory:

Hand Weapons
 a - the +7 broad axe "Doyng" (weapon) {chop, Dex+6}
   (Okawaru gifted it to you on level 11 of the Dungeon)

   It inflicts extra damage upon your enemies.
   It affects your dexterity (+6).
 b - a +2 morningstar of protection
Missiles
 A - 5 javelins of returning (quivered)
 S - 2 throwing nets
Armour
 d - a +1 hat of magic resistance (worn)
 K - a +2 pair of gloves (worn)
 M - the +9 plate armour "Avedog" (worn) {rC+}
   (You found it on level 1 of the Vaults)

   It protects you from cold.
 O - a +2 cloak of invisibility
 Q - a +0 large shield (worn)
 T - a +1 pair of boots of flying (worn)
 W - a +1 cloak of magic resistance (worn)
Jewellery
 j - the ring "Icuicune" (right hand) {rCorr rC+}
   (You found it on level 2 of the Vaults)

   [ring of resist corrosion]

   It protects you from cold.
 v - a +5 amulet of reflection (around neck)
 x - the ring of Siocuuxi {rCorr rElec rPois rF- Int+4}
   (You found it on level 5 of the Dungeon)

   [ring of resist corrosion]

   It affects your intelligence (+4).
   It makes you vulnerable to fire.
   It insulates you from electricity.
   It protects you from poison.
 N - an uncursed ring of protection from fire
Wands
 c - a wand of paralysis (14)
 e - a wand of random effects (21)
 g - a wand of flame (166)
 t - a wand of disintegration (29)
 y - a wand of iceblast (36)
 C - a wand of acid (70)
 U - a wand of digging (49)
Scrolls
 k - a scroll of enchant weapon
 l - 6 scrolls of fear
 m - 14 scrolls of remove curse
 o - 6 scrolls of magic mapping
 r - 10 scrolls of teleportation
 E - 5 scrolls of fog
 H - 4 scrolls of blinking
 L - 2 scrolls of summoning
 P - 7 scrolls of identify
 R - 2 scrolls of brand weapon
 Z - a scroll of silence
Potions
 i - 24 potions of curing
 q - 4 potions of agility
 s - 3 potions of haste
 u - 2 potions of invisibility
 w - 2 potions of berserk rage
 z - 8 potions of might
 B - 4 potions of ambrosia
 D - 5 potions of resistance
 F - 8 potions of mutation
Miscellaneous
 n - a phial of floods
 G - a phantom mirror
 V - a fan of gales
 X - a lamp of fire
 Y - a lightning rod (4/4)
Comestibles
 f - 21 bread rations
 h - 23 meat rations
 I - 41 fruits


   Skills:
 + Level 23.9(27) Fighting
 - Level 18.0(23.0) Axes
 - Level 7.0(12.0) Throwing
 + Level 22.3(27) Armour
 - Level 10.0(15.0) Dodging
 + Level 22.7(27) Shields
 - Level 7.0 Invocations
 - Level 7.0 Evocations


You had 21 spell levels left.
You didn't know any spells.

Dungeon Overview and Level Annotations

Branches:
Dungeon (15/15)            Temple (1/1) D:5            Lair (6/6) D:11
  Swamp (4/4) Lair:2       Spider (4/4) Lair:2        Slime (0/5) Lair:5
    Orc (2/2) D:12            Elf (0/3) Orc:2        Vaults (4/5) D:14
  Crypt (0/3) Vaults:2     Depths (4/5) D:15

Altars:
Ashenzari
Cheibriados
Dithmenos
Elyvilon
Fedhas
Gozag
Hepliaklqana
Kikubaaqudgha
Makhleb
Nemelex Xobeh
Okawaru
Qazlal
Ru
Sif Muna
Trog
Uskayaw
Vehumet
Wu Jian
Xom
Yredelemnul
Zin
The Shining One
Jiyva
Lugonu

Shops:
D:7 *   D:11 }**(   D:13 }   Orc:2 !%(:(   Depths:2 !

Portals:
Hell: Depths:1 Depths:2 Depths:3 Depths:4
Abyss: Depths:1 Depths:3
Pandemonium: Depths:2 Depths:3
Trove: D:12 (give +3 gold dragon scales)

Annotations:
Lair:6 exclusion: oklob plant


Innate Abilities, Weirdness & Mutations

You reflexively headbutt those who attack you in melee.
You have a pair of horns on your head.
You have hoof-like feet.
Your flesh is heat resistant. (rF+)


Message History

You block the spark wasp's attack.
You fly upwards.
There is a stone staircase leading down here.
You are too injured to fight recklessly!
You slice the spark wasp!! Your headbutt misses the spark wasp.
The spark wasp is almost dead.
You block the spark wasp's attack.
You closely miss the spark wasp.
The spark wasp is almost dead.
The spark wasp bursts into living lightning!
The living lightning hits you!
* * * LOW HITPOINT WARNING * * *
The living lightning misses you.
The spark wasp blinks!
You block the spark wasp's attack.
You hit the spark wasp.
You headbutt the spark wasp, but do no damage.
The spark wasp is almost dead.
The spark wasp bursts into living lightning!
The living lightning hits you!
You die...

###....###..##(.(..........#
#.##....##..##.............##
..##...##....#..............###
.ยง##...##............#........#
.#.#....#..##.....########...##
####.>..#..........# ##.##
##...[............## ###
...............([..#
..............#y@>##
..............##.##
.....[........####
.........(....##
...............##
................#
................#
..........##.#..#
.>........##.####


You could see a spark wasp.

Vanquished Creatures
  Mara (Depths:2)
  A juggernaut (Depths:2)
  Sojobo (Vaults:3)
  A caustic shrike (Depths:2)
  Nikola (Depths:2)
  Arachne (Spider:4)
  Jorgrun (Swamp:2)
  2 tentacled monstrosities
  Rupert (D:14)
  3 liches (Depths:2)
  Gastronok (Lair:2)
  2 thorn hunters
  Kirke (Lair:6)
  A sphinx (Depths:3)
  Agnes (D:14)
  A storm dragon (Depths:2)
  3 tengu reavers
  5 fire giants
  3 ghost moths
  An iron dragon (Depths:2)
  8 frost giants
  2 orc warlords
  6 vault wardens
  5 emperor scorpions
  23 very ugly things
  5 ironheart preservers
  A spriggan defender (Depths:2)
  21 stone giants
  7 entropy weavers
  3 vampire knights
  2 lorocyprocas
  The ghost of loom the Thaumaturge, a journeyman DECj of Vehumet (D:13)
  Nessos (D:15)
  5 dire elephants (Lair:6)
  Snorg (Lair:5)
  A spark wasp (shapeshifter) (Depths:2)
  6 spark wasps
  3 jiangshi (Depths:1)
  The ghost of MirrMurr the Unseen, a journeyman SpEn of Okawaru (Lair:6)
  9 ettins
  9 fire dragons
  2 green deaths (Swamp:4)
  A deep elf death mage (Vaults:2)
  Josephine (D:12)
  Fannar (D:10)
  15 ice dragons
  15 ogre magi
  5 yaktaur captains
  4 great orbs of eyes
  23 hydras
  6 rakshasas
  Harold (D:13)
  7 vault guards
  3 spriggan air magi (Depths:2)
  Erica (Lair:1)
  An anaconda (Lair:6)
  42 two-headed ogres
  A catoblepas (D:14)
  11 alligators
  11 centaur warriors
  A queen ant (Spider:1)
  A two-headed ogre (shapeshifter) (Vaults:4)
  15 deep troll earth magi
  4 orc high priests (Orc:2)
  14 deep troll shamans
  2 death yaks
  4 vampire magi
  A shock serpent (shapeshifter) (Vaults:2)
  2 spriggan berserkers
  9 tengu warriors
  3 deep elf knights
  A fire crab (shapeshifter) (Vaults:4)
  A sixfirhy (Depths:2)
  8 hell knights
  3 unseen horrors (Vaults:1)
  5 skeletal warriors (D:15)
  7 swamp dragons
  7 iron trolls
  3 sea snakes (shapeshifter)
  A torturous demonspawn (Depths:3)
  20 deep trolls
  5 flayed ghosts
  2 spriggan druids
  4 deep elf archers
  5 shambling mangroves
  11 ironbrand convokers
  3 wizards
  6 glowing orange brains
  18 orc knights
  7 harpies
  An iron dragon zombie (Depths:1)
  3 phantasmal warriors
  12 orb spiders
  2 deep elf magi
  4 cyclopes
  26 wolf spiders
  A harpy (shapeshifter) (D:14)
  A salamander (Depths:3)
  4 necromancers
  47 ugly things
  9 orc sorcerers
  4 elephants (Lair:6)
  A salamander (shapeshifter) (Vaults:2)
  3 moths of wrath
  A guardian serpent (shapeshifter) (Vaults:2)
  Maurice (Orc:2)
  A water nymph (shapeshifter) (D:14)
  An ice statue (IceCv)
  2 rust devils (Depths:3)
  4 centaur zombies
  4 black mambas
  A spiny frog (shapeshifter) (D:14)
  16 spiny frogs
  5 vault sentinels
  A smoke demon (Depths:2)
  3 torpor snails
  5 orange demons
  14 freezing wraiths
  4 rime drakes (Lair:4)
  2 kobold demonologists (Swamp:1)
  57 yaktaurs
  9 trolls
  10 komodo dragons
  An ice devil (Depths:2)
  24 jumping spiders
  10 demonic crawlers
  A polar bear (shapeshifter) (Vaults:1)
  A jumping spider (shapeshifter) (Depths:4)
  A queen bee (D:14)
  4 tyrant leeches
  A hornet (shapeshifter) (Vaults:1)
  3 meliai (D:14)
  2 polar bears (Lair:6)
  36 hornets
  49 slime creatures
  18 blink frogs
  Grinder (D:4)
  A spriggan zombie (Depths:1)
  11 bog bodies
  2 human simulacra
  A meliai zombie (D:15)
  A snapping turtle (shapeshifter) (Depths:2)
  A stone giant simulacrum (Vaults:3)
  14 hippogriffs
  A fire giant simulacrum (Vaults:1)
  30 tarantellas
  62 redbacks
  5 wraiths
  5 air elementals
  2 yaks (shapeshifter) (Depths:2)
  2 water elementals
  2 spriggans (shapeshifter)
  44 yaks
  2 shadows (Swamp:4)
  A tarantella (shapeshifter) (D:14)
  A vampire (D:14)
  A redback (shapeshifter) (Depths:2)
  10 spriggans
  10 wyverns
  3 hogs (Lair:6)
  5 basilisks
  A death yak simulacrum (IceCv)
  12 vampire mosquitoes
  A hungry ghost (D:8)
  Menkaure (D:4)
  26 swamp worms
  2 acid dragons
  19 insubstantial wisps
  2 large abominations (Swamp:4)
  15 soldier ants (Spider:1)
  3 wargs
  11 water moccasins
  Duvessa (D:4)
  2 floating eyes (Depths:2)
  15 porcupines
  A floating eye (shapeshifter) (Vaults:1)
  4 swamp drakes
  16 ice beasts
  45 orc warriors
  An ettin simulacrum (Depths:1)
  2 sky beasts
  A black bear (D:8)
  An eye of draining (D:11)
  7 necrophages
  29 ogres
  A phantom (D:5)
  6 boggarts
  31 wolves
  5 centaurs
  10 crocodiles
  A yaktaur zombie (Depths:1)
  5 big kobolds
  13 bullfrogs
  A gnoll sergeant (Orc:2)
  A scorpion (D:6)
  14 killer bees (D:14)
  An orc simulacrum (Vaults:2)
  Dowan (D:4)
  21 wights
  6 howler monkeys
  4 electric eels
  11 crimson imps
  2 draconian simulacra (IceCv)
  5 hounds
  A bullfrog skeleton (D:4)
  5 centaur skeletons
  22 orc priests
  3 jellies
  3 iguanas
  Ijyb (D:4)
  31 orc wizards
  27 worker ants
  6 troll simulacra (IceCv)
  2 spriggan simulacra (IceCv)
  3 wolf simulacra (IceCv)
  A killer bee zombie (D:7)
  2 centaur simulacra (IceCv)
  A bullfrog simulacrum (D:13)
  A hound zombie (D:5)
  2 hound skeletons (D:7)
  8 gnolls
  2 worker ant zombies
  6 naga simulacra (IceCv)
  13 adders
  A river rat (D:6)
  2 ogre simulacra (IceCv)
  A shadow imp (D:11)
  15 white imps
  An ufetubus (D:13)
  An ooze (D:2)
  An adder skeleton (D:4)
  3 worms
  5 leopard geckos
  96 orcs
  3 bats (D:1)
  2 giant cockroaches
  3 goblins
  6 hobgoblins
  11 jackals (D:2)
  4 quokkas
  A ball python (D:2)
  A ball python skeleton (D:4)
  5 frilled lizards (D:1)
  A jackal skeleton (D:4)
  A jackal zombie (D:8)
  29 kobolds
  2 quokka skeletons (D:4)
  4 rats
  2 briar patches (Swamp:3)
  A butterfly (Lair:3)
  A fungus (Lair:5)
  8 plants
  3 toadstools (D:1)
1815 creatures vanquished.

Vanquished Creatures (collateral kills)
  An iguana (D:8)
1 creature vanquished.

Vanquished Creatures (others)
  2 stone giants
  An ettin (Depths:2)
  A yaktaur captain (Depths:3)
  A spriggan air mage (Depths:3)
  2 centaur warriors
  A deep elf archer (Vaults:3)
  An ironbrand convoker (Vaults:3)
  A harpy (Vaults:4)
  A wolf spider (Spider:3)
  A manticore (D:13)
  12 yaktaurs
  A jumping spider (Spider:3)
  A slime creature (Vaults:2)
  A hippogriff (Lair:4)
  2 humans (Lair:6)
  2 orc warriors
  5 centaurs
  4 ogres (Depths:4)
  An orc (Orc:1)
  2 kobolds
  A fungus (Lair:6)
  8 plants
  A toadstool (D:1)
53 creatures vanquished.

Grand Total: 1869 creatures vanquished

Notes
Turn   | Place    | Note
-------+----------+-------------------------------------------
     0 | D:1      | anonymous161 the Minotaur Fighter began the quest for the Orb.
     0 | D:1      | Reached XP level 1. HP: 19/19 MP: 0/0
   192 | D:1      | Reached XP level 2. HP: 27/27 MP: 1/1
   838 | D:2      | Reached skill level 4 in Fighting
   841 | D:2      | Reached XP level 3. HP: 32/33 MP: 2/2
   877 | D:2      | Found a shadowy altar of Dithmenos.
   939 | D:2      | Found a burning altar of Makhleb.
  1115 | D:2      | Found a radiant altar of Vehumet.
  1118 | D:2      | Identified Vehumet's Grimoire of Attacks
  1159 | D:2      | Reached XP level 4. HP: 35/40 MP: 3/3
  1210 | D:2      | Found an ancient bone altar of Kikubaaqudgha.
  1275 | D:2      | Found a glowing golden altar of the Shining One.
  1458 | D:2      | Found a deep blue altar of Sif Muna.
  2217 | D:3      | Reached XP level 5. HP: 33/47 MP: 4/4
  2559 | D:4      | Noticed an ogre
  2839 | D:4      | Reached skill level 5 in Axes
  2857 | D:4      | Noticed Duvessa
  2858 | D:4      | Noticed Dowan
  2866 | D:4      | Killed Dowan
  2866 | D:4      | Reached XP level 6. HP: 44/55 MP: 5/5
  2875 | D:4      | Killed Duvessa
  2875 | D:4      | Reached skill level 5 in Fighting
  2875 | D:4      | Reached skill level 5 in Armour
  2875 | D:4      | Reached skill level 5 in Shields
  3185 | D:4      | Reached XP level 7. HP: 59/61 MP: 6/6
  3626 | D:4      | Noticed Menkaure
  3878 | D:4      | Noticed Grinder
  3878 | D:4      | Paralysed by Grinder for 4 turns
  3886 | D:4      | Killed Grinder
  3952 | D:4      | Killed Menkaure
  3952 | D:4      | Reached skill level 6 in Fighting
  4050 | D:5      | Entered Level 5 of the Dungeon
  4060 | D:4      | Reached XP level 8. HP: 69/70 MP: 7/7
  4069 | D:5      | Noticed Ijyb
  4100 | D:4      | Killed Ijyb
  4233 | D:5      | Found a glowing silver altar of Zin.
  4472 | D:5      | Got a glittering bronze ring
  4473 | D:5      | Identified the ring of Siocuuxi {rCorr rElec rPois rF- Int+4} (You found it on level 5 of the Dungeon)
  4582 | D:5      | Found a staircase to the Ecumenical Temple.
  4587 | Temple   | Entered the Ecumenical Temple
  4899 | Temple   | Became a worshipper of Warmaster Okawaru
  5149 | D:6      | Found a blossoming altar of Fedhas.
  5422 | D:6      | Reached skill level 7 in Fighting
  5424 | D:6      | Found a stormy altar of Qazlal.
  5444 | D:6      | Reached * piety under Okawaru
  5469 | D:6      | Reached XP level 9. HP: 43/79 MP: 8/8
  5818 | D:6      | Found an ornate altar of the Wu Jian Council.
  6265 | D:7      | Found Ciuf's Assorted Antiques.
  6283 | D:7      | Bought a scroll of identify for 58 gold pieces
  6294 | D:7      | Found a sparkling altar of Nemelex Xobeh.
  6689 | D:7      | Reached skill level 10 in Axes
  7085 | D:8      | Reached skill level 8 in Fighting
  7325 | D:8      | Found an ancient bone altar of Kikubaaqudgha.
  7332 | D:8      | Reached ** piety under Okawaru
  7729 | D:8      | Reached XP level 10. HP: 84/90 MP: 7/9
  7921 | D:8      | Noticed a two-headed ogre
  7954 | D:7      | Killed a two-headed ogre
  8388 | D:7      | Bought a scroll of identify for 58 gold pieces
  8450 | D:8      | Reached skill level 9 in Fighting
  8480 | D:8      | Reached *** piety under Okawaru
  8937 | D:9      | Noticed a two-headed ogre
  8945 | D:9      | Killed a two-headed ogre
  8945 | D:9      | Reached **** piety under Okawaru
  9510 | D:10     | Entered Level 10 of the Dungeon
  9621 | D:10     | Reached XP level 11. HP: 95/99 MP: 10/10
  9650 | D:10     | Noticed Harold
  9825 | D:10     | Noticed Fannar
  9860 | D:10     | Killed Fannar
  9860 | D:10     | Reached ***** piety under Okawaru
  9860 | D:10     | Reached skill level 10 in Shields
 10190 | D:10     | Reached skill level 10 in Fighting
 10190 | D:10     | Reached skill level 10 in Armour
 10211 | D:10     | Noticed a centaur warrior
 10220 | D:10     | Killed a centaur warrior
 10605 | D:10     | Found a sacrificial altar of Ru.
 11248 | D:10     | Found a sacrificial altar of Ru.
 11927 | D:11     | Found Hesit's Assorted Antiques.
 11948 | D:11     | Bought a scroll of teleportation for 66 gold pieces
 12062 | D:11     | Noticed a two-headed ogre
 12074 | D:11     | Killed a two-headed ogre
 12194 | D:11     | Found Cozxeq's Assorted Antiques.
 12200 | D:11     | Bought a scroll labeled NEBOF BICLUUWN for 29 gold pieces
 12200 | D:11     | Bought an emerald potion for 26 gold pieces
 12328 | D:11     | Found Uxzimi's Antique Weapon Shoppe.
 12334 | D:11     | Bought a bloodstained war axe for 280 gold pieces
 12334 | D:11     | Identified the +4 war axe "Luotu" {flame, Fragile rC+ Int+4} (You bought it in a shop on level 11 of the Dungeon)
 12524 | D:11     | Found a staircase to the Lair.
 12676 | D:11     | Found Ziuxzal's Gadget Emporium.
 12797 | D:11     | Upgraded the game from 0.21-a0-521-g1cd18d1148 to 0.21-a0-522-ga8338f09a8
 12798 | Lair:1   | Entered Level 1 of the Lair of Beasts
 13297 | Lair:1   | Noticed an eight-headed hydra
 13307 | Lair:1   | Killed a two-headed hydra
 13307 | Lair:1   | Reached ****** piety under Okawaru
 13732 | Lair:1   | Noticed an eight-headed hydra
 13758 | D:11     | Killed a five-headed hydra
 13758 | D:11     | Reached skill level 11 in Fighting
 13759 | D:11     | Received a gift from Okawaru
 13901 | Lair:1   | Reached XP level 12. HP: 108/110 MP: 11/11
 13990 | Lair:1   | Noticed Erica
 14012 | Lair:1   | Killed Erica
 14012 | Lair:1   | Reached skill level 1 in Invocations
 14481 | Lair:2   | Found a hole to the Spider Nest.
 14583 | Lair:2   | Reached skill level 15 in Axes
 14748 | Lair:2   | Received a gift from Okawaru
 14797 | Lair:2   | Reached skill level 5 in Invocations
 15084 | Lair:2   | Noticed Gastronok
 15131 | Lair:2   | Killed Gastronok
 15323 | Lair:2   | Found a staircase to the Swamp.
 16076 | Lair:3   | Reached skill level 1 in Evocations
 16368 | Lair:3   | Received a gift from Okawaru
 16900 | Lair:4   | Found an iron altar of Okawaru.
 17093 | D:11     | Got a warped broad axe {god gift}
 17094 | D:11     | Identified the +7 broad axe "Doyng" {chop, Dex+6} (Okawaru gifted it to you on level 11 of the Dungeon)
 17178 | Lair:4   | Reached XP level 13. HP: 80/116 MP: 17/17
 18273 | Lair:4   | Noticed an entropy weaver
 18273 | Lair:4   | a seven-headed hydra changed into an entropy weaver
 18288 | Lair:4   | Killed an entropy weaver
 18491 | Lair:5   | Received a gift from Okawaru
 18494 | Lair:5   | Got a faintly glowing broad axe {god gift}
 18495 | Lair:5   | Identified the +10 broad axe of Yxtaqory {pain, *Rage rF+ Str+4} (Okawaru gifted it to you on level 5 of the Lair of Beasts)
 18609 | Lair:5   | Found a viscous altar of Jiyva.
 18610 | Lair:5   | Found a staircase to the Slime Pits.
 19464 | Lair:6   | Entered Level 6 of the Lair of Beasts
 19509 | Lair:6   | Noticed Snorg
 19615 | Lair:5   | Killed Snorg
 19615 | Lair:5   | Reached skill level 12 in Fighting
 19615 | Lair:5   | Reached skill level 5 in Evocations
 19779 | Lair:6   | Received a gift from Okawaru
 20562 | Lair:6   | Noticed Kirke
 20612 | Lair:6   | Killed Kirke
 20669 | Lair:6   | Reached XP level 14. HP: 127/127 MP: 18/18
 21148 | Lair:6   | Noticed MirrMurr's ghost (journeyman SpEn)
 21164 | Lair:6   | Killed MirrMurr's ghost
 21561 | Lair:6   | Received a gift from Okawaru
 22153 | D:12     | Noticed Josephine
 22168 | D:12     | Killed Josephine
 22168 | D:12     | Reached skill level 1 in Throwing
 22430 | D:12     | Found the +6 lightning scales {run, rElec}
 22625 | D:12     | Reached skill level 13 in Fighting
 23112 | D:12     | Found a staircase to the Orcish Mines.
 23291 | D:12     | Found a portal to a secret trove of treasure.
 23400 | Orc:1    | Entered Level 1 of the Orcish Mines
 23524 | Orc:1    | Noticed an orc warlord
 23574 | Orc:1    | Received a gift from Okawaru
 23716 | Orc:1    | Killed an orc warlord
 24027 | Orc:2    | Entered Level 2 of the Orcish Mines
 24103 | Orc:2    | Found Sophuchi's Distillery.
 24289 | Orc:2    | Found a staircase to the Elven Halls.
 24386 | Orc:2    | Paralysed by an orc sorcerer for 2 turns
 24389 | Orc:2    | Gained mutation: You are clumsy. (Dex -2) [a neqoxec]
 24418 | Orc:2    | Noticed Maurice
 24426 | Orc:2    | Killed Maurice
 24741 | Orc:2    | Reached skill level 5 in Throwing
 24817 | Orc:2    | Noticed a stone giant
 24846 | Orc:2    | Killed a stone giant
 25048 | Orc:2    | Received a gift from Okawaru
 25049 | Orc:2    | Got an ichor-stained chain mail {god gift}
 25060 | Orc:2    | Identified the +8 chain mail "Izirghor" {MR+++ Str-5 Int+4 Dex+4} (Okawaru gifted it to you on level 2 of the Orcish Mines)
 25199 | Orc:2    | Found Qivagh's Antique Weapon Boutique.
 25205 | Orc:2    | Reached XP level 15. HP: 136/136 MP: 16/19
 25656 | Orc:2    | Found Cude's Antique Weapon Emporium.
 25662 | Orc:2    | Found Maho Peo's Food Emporium.
 25679 | Orc:2    | Found Muor's Book Boutique.
 25900 | D:11     | Bought a crystal plate armour for 1760 gold pieces
 26031 | D:13     | Found a frozen archway.
 26055 | IceCv    | Entered an ice cave
 26225 | IceCv    | Found an ancient bone altar of Kikubaaqudgha.
 26554 | IceCv    | Got a crude hat
 26565 | IceCv    | Identified the +2 hat of Moecw {rPois Int+4} (You found it in an ice cave)
 26801 | D:13     | Reached skill level 14 in Fighting
 26928 | D:13     | Noticed loom's ghost (journeyman DECj)
 26949 | D:13     | Killed loom's ghost
 27084 | D:13     | Found a glowing silver altar of Zin.
 27270 | D:13     | Found Fysev's Gadget Shoppe.
 27373 | D:13     | Killed Harold
 28049 | D:14     | Received a gift from Okawaru
 28199 | D:14     | Found a gate to the Vaults.
 28629 | D:15     | Entered Level 15 of the Dungeon
 28634 | D:15     | Noticed Rupert
 28650 | D:15     | Noticed Agnes
 28661 | D:14     | Killed Rupert
 28683 | D:14     | Killed Agnes
 29067 | D:15     | Found a staircase to the Depths.
 29146 | D:15     | Reached skill level 15 in Fighting
 29210 | D:15     | Noticed Nessos
 29215 | D:15     | Killed Nessos
 29300 | D:15     | Reached XP level 16. HP: 149/149 MP: 20/20
 29603 | D:15     | Found an ornate altar of the Wu Jian Council.
 29787 | Lair:1   | Lost mutation: You are clumsy. (Dex -2) [potion of mutation]
 29787 | Lair:1   | Gained mutation: Your flesh is heat resistant. (rF+) [potion of mutation]
 29787 | Lair:1   | Gained mutation: You have large cloven feet. [potion of mutation]
 29787 | Lair:1   | Gained mutation: You have hoof-like feet. [potion of mutation]
 29790 | Lair:1   | Upgraded the game from 0.21-a0-522-ga8338f09a8 to 0.21-a0-525-ga34b322b0b
 29856 | Swamp:1  | Entered Level 1 of the Swamp
 29934 | Swamp:1  | Received a gift from Okawaru
 29980 | Swamp:1  | You fall through a shaft!
 29983 | Swamp:2  | Noticed a thorn hunter
 30049 | Swamp:2  | Killed a thorn hunter
 30049 | Swamp:2  | Reached skill level 15 in Shields
 31924 | Swamp:2  | Noticed Jorgrun
 31938 | Swamp:2  | Killed Jorgrun
 31938 | Swamp:2  | Received a gift from Okawaru
 31992 | Swamp:2  | Received a gift from Okawaru
 31992 | Swamp:2  | Reached skill level 16 in Fighting
 32504 | Swamp:2  | Reached skill level 15 in Armour
 32598 | Swamp:3  | Reached skill level 1 in Dodging
 32739 | Swamp:3  | Noticed a thorn hunter
 32750 | Swamp:3  | Killed a thorn hunter
 32839 | Swamp:3  | Identified a scroll of acquirement
 32843 | Swamp:3  | Got a fine large shield
 32897 | Swamp:2  | Identified the +0 large shield of Xafinab {+Fly rPois Str-3 Int+5} (You acquired it on level 3 of the Swamp)
 32991 | Swamp:3  | Received a gift from Okawaru
 33140 | Swamp:3  | Received a gift from Okawaru
 33387 | Swamp:3  | Paralysed by a hornet for 1 turns
 33391 | Swamp:3  | Reached skill level 5 in Dodging
 33633 | Swamp:4  | Entered Level 4 of the Swamp
 33760 | Swamp:4  | Reached skill level 17 in Fighting
 33837 | Swamp:4  | Received a gift from Okawaru
 33837 | Swamp:4  | Reached XP level 17. HP: 101/161 MP: 19/21
 34539 | Swamp:4  | Received a gift from Okawaru
 34915 | Swamp:4  | Noticed a tentacled monstrosity
 34926 | Swamp:4  | Killed a tentacled monstrosity
 34926 | Swamp:4  | Received a gift from Okawaru
 35126 | Swamp:4  | Got a decaying rune of Zot
 35515 | Swamp:4  | Received a gift from Okawaru
 35768 | Spider:1 | Entered Level 1 of the Spider Nest
 36084 | Spider:1 | Reached skill level 18 in Fighting
 36739 | Spider:1 | Received a gift from Okawaru
 37648 | Spider:3 | Reached skill level 10 in Dodging
 38222 | Spider:3 | Reached XP level 18. HP: 173/173 MP: 22/22
 38846 | Spider:4 | Entered Level 4 of the Spider Nest
 38932 | Spider:4 | Received a gift from Okawaru
 39287 | Spider:4 | Noticed Arachne
 39308 | Spider:4 | Killed Arachne
 40088 | Spider:4 | Reached skill level 19 in Fighting
 40152 | Spider:4 | Got a gossamer rune of Zot
 40551 | Vaults:1 | Entered Level 1 of the Vaults
 40692 | Vaults:1 | Got a jewelled plate armour
 40703 | Vaults:1 | Identified the +9 plate armour "Avedog" {rC+} (You found it on level 1 of the Vaults)
 40775 | Vaults:1 | Received a gift from Okawaru
 40912 | Vaults:1 | Got a crude plate armour
 40923 | Vaults:1 | Identified the cursed +0 plate armour "Qawa" {rCorr Stlth+} (You found it on level 1 of the Vaults)
 41173 | Vaults:1 | Received a gift from Okawaru
 41762 | Vaults:2 | Reached XP level 19. HP: 184/184 MP: 23/23
 42310 | Vaults:2 | Got a bound bronze ring
 42312 | Vaults:2 | Identified the ring "Icuicune" {rCorr rC+} (You found it on level 2 of the Vaults)
 42430 | Vaults:2 | Reached skill level 20 in Fighting
 42777 | Vaults:2 | Received a gift from Okawaru
 42912 | Vaults:2 | Found a staircase to the Crypt.
 43004 | Vaults:2 | Received a gift from Okawaru
 43316 | Vaults:2 | Received a gift from Okawaru
 44420 | Vaults:3 | Noticed Sojobo
 45536 | Vaults:3 | Reached XP level 20. HP: 195/195 MP: 24/24
 45622 | Vaults:4 | Reached skill level 21 in Fighting
 46154 | Vaults:4 | Received a gift from Okawaru
 47261 | Vaults:3 | Killed Sojobo
 47514 | Lair:1   | Upgraded the game from 0.21-a0-525-ga34b322b0b to 0.21-a0-528-gf531e82c92
 47618 | Depths:1 | Entered Level 1 of the Depths
 47628 | D:15     | Received a gift from Okawaru
 47885 | Depths:1 | Found a one-way gate to the infinite horrors of the Abyss.
 48399 | Depths:1 | Found a gateway to Hell.
 48447 | Depths:1 | Received a gift from Okawaru
 49158 | Depths:1 | Reached skill level 22 in Fighting
 49457 | Depths:1 | Upgraded the game from 0.21-a0-528-gf531e82c92 to 0.21-a0-529-g8c7b3f5d53
 49458 | Depths:2 | Found Jecsoti's Distillery.
 49530 | Depths:2 | Bought a potion of curing for 51 gold pieces
 49530 | Depths:2 | Bought 2 potions of curing for 102 gold pieces
 49530 | Depths:2 | Bought a potion of resistance for 170 gold pieces
 49530 | Depths:2 | Bought a potion of heal wounds for 85 gold pieces
 49530 | Depths:2 | Bought a potion of might for 68 gold pieces
 49538 | Depths:2 | Noticed Mara
 49541 | Depths:2 | Noticed anonymous161's illusion
 49750 | Depths:2 | Reached XP level 21. HP: 207/207 MP: 25/25
 50050 | Depths:2 | Noticed a caustic shrike
 50084 | Depths:2 | Killed Mara
 50084 | Depths:2 | Received a gift from Okawaru
 50230 | Depths:2 | Noticed a juggernaut
 50231 | Depths:2 | Killed a caustic shrike
 50250 | Depths:2 | Killed a juggernaut
 50276 | Depths:2 | Paralysed by a floating eye for 4 turns
 50508 | Depths:2 | Found a sparkling altar of Nemelex Xobeh.
 50516 | Depths:2 | Received a gift from Okawaru
 50525 | Depths:2 | Got an ichor-stained cloak {god gift}
 50549 | Depths:2 | Identified the -1 cloak of Coronation {-Tele +Inv rElec rF-} (Okawaru gifted it to you on level 2 of the Depths)
 50698 | Depths:2 | Paralysed by a floating eye for 4 turns
 50770 | Depths:2 | Noticed Nikola
 50791 | Depths:2 | Killed Nikola
 50836 | Depths:2 | Found an iron altar of Okawaru.
 50863 | Depths:2 | Reached skill level 23 in Fighting
 51248 | Depths:2 | Found a shadowy altar of Dithmenos.
 51407 | Depths:2 | Received a gift from Okawaru
 51473 | Depths:2 | Reached XP level 22. HP: 217/220 MP: 26/26
 51811 | Depths:2 | Found a hazy altar of Hepliaklqana.
 52131 | Depths:2 | Found a one-way gate leading to the halls of Pandemonium.
 52281 | Depths:2 | Upgraded the game from 0.21-a0-529-g8c7b3f5d53 to 0.21-a0-536-gdbbf329e9e
 52904 | Depths:3 | Received a gift from Okawaru
 53644 | Depths:3 | Received a gift from Okawaru
 53935 | Depths:3 | Found a corrupted altar of Lugonu.
 54272 | Depths:3 | Killed from afar by a spark wasp

Vault maps used:
D:1:      ldierk_water_garden
D:2:      grunt_temple_overflow_magic_moments, marbit_many_paths,
          nicolae_dithmenos_through_a_glass_darkly, lemuel_crystal_altar,
          first_bread
D:3:      grunt_decor_clamped
D:4:      uniq_menkaure, uniq_duvessa, uniq_grinder
D:5:      zin_academy, temple_doors_ab, uniq_ijyb
D:6:      fedhas_altar_4, kennysheep_mini_moat, minmay_ruined_shrine
D:7:      nemelex_xobeh_ov_fountains_minmay, serial_shops, nicolae_shop_crystal
D:8:      basic_altar
D:10:     blue_anna_alchemist, hangedman_ru_absence, uniq_fannar, uniq_harold
D:11:     david_lair_shrubbed, serial_shops, shop_fountains,
          nicolae_shop_window_shopping, shop_coins, shop_fountains
D:12:     erik_orc_2, enter_trove_2, uniq_josephine
D:13:     basic_altar, serial_ice, serial_ice_i, serial_ice_n, serial_ice_f,
          serial_ice_h, serial_ice_d, serial_ice_g,
          portal_ice_cave_entry_ice_beasts, serial_shops, shop
D:14:     david_vaults_2, special_room, nrook_mini_vaults
D:15:     hangedman_depths_entry_civil_slaughter, basic_altar, uniq_nessos,
          uniq_agnes, uniq_rupert
Temple:   hc_temple_tempest_star
Lair:1:   uniq_erica
Lair:2:   swamp_mist, spider_nest_entry_rubble, grunt_forest_large_clearings,
          serial_bayou_shore_b, uniq_gastronok
Lair:3:   grunt_megastairs_4, lemuel_fruit_fields, lemuel_fruit_tree,
          serial_bayou_shore_b
Lair:4:   special_room, basic_altar, lookout_lair_type, serial_bayou_shore_b
Lair:5:   slime_altar_1, roderic_carrion_pond, lemuel_fruit_fields
Lair:6:   due_jungle_book, minmay_lair_oklob_chamber, uniq_kirke, uniq_snorg
Swamp:1:  hangedman_swamp_cone, swamp_pool4, statue_in_the_mist_lemuel,
          cheibrodos_swamp_kobolds
Swamp:2:  nicolae_swamp_feature_on_the_river_bank, uniq_jorgrun
Swamp:3:  nicolae_swamp_trees_clearing, swamp_pool3
Swamp:4:  swamp_vile, swamp_pool3, grunt_witch_cave, infiniplex_staircase_pool_2
Spider:1: zaba_antful_of_joy
Spider:3: nicolae_spider_cling_halls
Spider:4: spider_rune_water, special_room, uniq_arachne
Orc:1:    serial_shops, nicolae_orc_crystal_geode
Orc:2:    st_orc_elflike, serial_shops, nicolae_shop_stone,
          guppyfry_orc_lava_fort, uniq_maurice
Vaults:1: vaults_room_fancy_cross, nicolae_vaults_stairing_the_circle,
          v_alt_pattern_2, vaults_room_grunt_arrival_ludios, v_misc_5,
          ontoclasm_vaults_bender, hangedman_vaults_hat, ontoclasm_vaults_fault,
          vaults_room_guarded_vault, vaults_dpeg_diagonal
Vaults:2: vaults_dpeg_hooks, nicolae_vaults_twisting_passages,
          nicolae_vaults_little_squares_2, v_alt_pattern_1, v_misc_5,
          ontoclasm_vaults_shout, ontoclasm_vaults_twist,
          minmay_crypt_entry_simple_box, v_misc_16
Vaults:3: grunt_vaults_hallway_long, nicolae_vaults_big_ls,
          nicolae_vaults_sealed_display, hangedman_vaults_corner,
          vaults_standard_mumra_x, v_misc_30, vaults_room_door_hall,
          grunt_vaults_focal, ontoclasm_vaults_gateway,
          nicolae_vaults_little_squares_3, nicolae_vaults_theta,
          vaults_room_semicircle, nicolae_vaults_little_squares_2, uniq_sojobo
Vaults:4: v_misc_23, v_misc_8, vaults_standard_mumra_enter_the_diamond,
          v_rooms_2, hangedman_vaults_restitches, v_pattern_1,
          vaults_room_boxed, hangedman_vaults_corner_blocks,
          grunt_vaults_diagonal, ontoclasm_vaults_idyll,
          nicolae_vaults_angled_halls, vaults_room_hallway
Depths:1: pf_hell_entry_tar_spiral, hangedman_abyss_entry_splay,
          minmay_misc_feat_pillars, minmay_misc_feat_five,
          kennysheep_generic_room_14
Depths:2: hangedman_box_tower, serial_shops, nicolae_shop_statue_plus,
          hangedman_decor_growths, serial_sigils,
          serial_sigils_hangedman_confine, serial_sigils_hangedman_stare,
          serial_sigils_hangedman_snap, serial_sigils_hangedman_gnaw,
          hell_entry, rand_demon_pan_entry_9, infiniplex_staircase_zigzag_3,
          uniq_mara, uniq_nikola
Depths:3: due_chaos_kobolds, minmay_misc_feat_rows, hell_entry,
          rand_demon_pan_entry_3, kennysheep_potato
Depths:4: hangedman_arch_fort, enter_ziggurat_c, hell_entry, serial_shops,
          bzr_entry_safe, rand_demon_pan_entry_4, abyss_entry,
          argonaut_fire_from_heaven
IceCv:    ice_cave_small_necro

Skill      XL: |  1  2  3  4  5  6  7  8  9 10 11 12 13 14 15 16 17 18 19 20 21 22 |
---------------+-------------------------------------------------------------------+-----
Axes           | 3 4 5 6 7 9 11 12 14 16 17 18 | 18.0
Fighting       | 4 5 6 7 8 9 11 12 13 15 17 18 19 20 22 23 | 23.9
Armour         | 4 5 6 7 8 9 11 12 13 15 17 18 20 21 22 | 22.3
Shields        | 4 5 6 7 8 9 11 13 14 15 16 18 19 20 21 22 | 22.7
Invocations    | 7 |  7.0
Evocations     | 2 6 7 |  7.0
Throwing       | 5 7 |  7.0
Dodging        | 5 10 | 10.0

Action                   |  1- 3 |  4- 6 |  7- 9 | 10-12 | 13-15 | 16-18 | 19-21 | 22-24 || total
-------------------------+-------+-------+-------+-------+-------+-------+-------+-------++-------
Melee: War axe           |    94 |    83 |   337 |   570 |       |       |       |       ||  1084
       Headbutt          |    12 |    22 |    63 |   135 |   295 |   408 |   492 |   141 ||  1568
       Broad axe         |       |       |       |     6 |  1017 |  1366 |  1391 |   372 ||  4152
       Kick              |       |       |       |       |       |   445 |       |       ||   445
       Morningstar       |       |       |       |       |       |    45 |       |       ||    45
       Trident           |       |       |       |       |       |     4 |       |       ||     4
Throw: Stone             |    38 |    30 |    44 |    14 |       |       |       |       ||   126
       Tomahawk          |       |       |    28 |    39 |    39 |    39 |     9 |       ||   154
       Throwing net      |       |       |     2 |       |     3 |       |     2 |       ||     7
       Javelin           |       |       |       |       |       |       |    23 |    16 ||    39
Invok: Heroism           |       |       |     1 |     4 |    11 |     9 |    11 |     4 ||    40
       Finesse           |       |       |       |     1 |     4 |     3 |     5 |     1 ||    14
 Abil: Evoke Flight      |       |       |       |       |     1 |     3 |     1 |       ||     5
       Stop Flying       |       |       |       |       |       |     1 |     1 |       ||     2
Evoke: Wand              |       |     6 |     7 |    15 |    70 |    19 |    12 |     1 ||   130
  Use: Potion            |       |     1 |       |     1 |     4 |     3 |     2 |     2 ||    13
       Scroll            |       |       |     9 |     9 |    13 |    13 |     7 |     1 ||    52
 Stab: Held in net/web   |       |       |       |       |     2 |       |     3 |       ||     5
       Paralysed         |       |       |       |       |     7 |       |       |       ||     7
       Distracted        |       |       |       |       |       |     1 |       |       ||     1
  Eat: Chunk             |     1 |     6 |    10 |    12 |    17 |    27 |    12 |     1 ||    86
       Fruit             |       |       |     1 |    23 |    18 |       |     4 |       ||    46
       Royal jelly       |       |       |     2 |     1 |     2 |    11 |     6 |     1 ||    23
       Meat ration       |       |       |       |       |       |       |       |     1 ||     1
Armor: Scale mail        |    15 |       |       |       |       |       |       |       ||    15
       Ring mail         |    24 |    22 |    42 |     1 |    15 |       |       |       ||   104
       Plate armour      |       |       |    25 |    14 |       |    41 |   310 |    81 ||   471
       Chain mail        |       |       |       |   165 |   164 |       |       |       ||   329
       Crystal plate arm |       |       |       |       |    87 |   501 |       |       ||   588
       Skin              |       |       |       |       |    13 |       |       |       ||    13
Dodge: Dodged            |    38 |    30 |    55 |    68 |    83 |   193 |   259 |    79 ||   805
Block: Shield            |    49 |    52 |   220 |   376 |    91 |       |       |       ||   788
       Reflection        |       |       |     3 |    10 |    48 |    17 |   122 |    24 ||   224
       Large shield      |       |       |       |       |   821 |  1409 |  1326 |   375 ||  3931

Table legend:
 A = Spawn XP
 B = Non-spawn XP
 C = Spawn XP percentage of total XP
 D = Spawn monster count
 E = Non-spawn monster count
 F = Spawn count percentage of total count
 G = Total turns spent on level
                    A         B        C        D         E        F      G
               +---------+---------+-------+---------+---------+-------+---------
         Total |       0 |  798766 |   0.0 |       0 |    1833 |   0.0 | 54272
               +---------+---------+-------+---------+---------+-------+---------
           D:1 |       0 |      29 |   0.0 |       0 |      18 |   0.0 |   770
           D:2 |       0 |      99 |   0.0 |       0 |      28 |   0.0 |   799
           D:3 |       0 |      94 |   0.0 |       0 |       9 |   0.0 |  1179
           D:4 |       0 |    1300 |   0.0 |       0 |      29 |   0.0 |  1343
           D:5 |       0 |     456 |   0.0 |       0 |       8 |   0.0 |   643
           D:6 |       0 |    1465 |   0.0 |       0 |      31 |   0.0 |  1170
           D:7 |       0 |    1555 |   0.0 |       0 |      25 |   0.0 |  1000
           D:8 |       0 |    2668 |   0.0 |       0 |      38 |   0.0 |  1217
           D:9 |       0 |    2415 |   0.0 |       0 |      13 |   0.0 |  1034
          D:10 |       0 |    3428 |   0.0 |       0 |      19 |   0.0 |  2214
          D:11 |       0 |    4308 |   0.0 |       0 |      22 |   0.0 |  1790
          D:12 |       0 |    7890 |   0.0 |       0 |      53 |   0.0 |  1695
          D:13 |       0 |    8719 |   0.0 |       0 |      49 |   0.0 |   985
          D:14 |       0 |   15908 |   0.0 |       0 |      55 |   0.0 |  1548
          D:15 |       0 |   23559 |   0.0 |       0 |      48 |   0.0 |   813
        Lair:1 |       0 |    7081 |   0.0 |       0 |      31 |   0.0 |  1619
        Lair:2 |       0 |    8494 |   0.0 |       0 |      42 |   0.0 |  1871
        Lair:3 |       0 |    3450 |   0.0 |       0 |      18 |   0.0 |  1054
        Lair:4 |       0 |    8639 |   0.0 |       0 |      30 |   0.0 |  1430
        Lair:5 |       0 |    8153 |   0.0 |       0 |      24 |   0.0 |  1549
        Lair:6 |       0 |   23407 |   0.0 |       0 |      40 |   0.0 |  1781
       Swamp:1 |       0 |   12474 |   0.0 |       0 |      31 |   0.0 |   959
       Swamp:2 |       0 |   18980 |   0.0 |       0 |      38 |   0.0 |  1364
       Swamp:3 |       0 |   20582 |   0.0 |       0 |      64 |   0.0 |  1091
       Swamp:4 |       0 |   35531 |   0.0 |       0 |      69 |   0.0 |  1932
      Spider:1 |       0 |   16756 |   0.0 |       0 |      64 |   0.0 |  1022
      Spider:2 |       0 |   10756 |   0.0 |       0 |      28 |   0.0 |  1040
      Spider:3 |       0 |   25295 |   0.0 |       0 |      71 |   0.0 |  1075
      Spider:4 |       0 |   32349 |   0.0 |       0 |      65 |   0.0 |  1472
         Orc:1 |       0 |    4212 |   0.0 |       0 |      35 |   0.0 |   863
         Orc:2 |       0 |   21828 |   0.0 |       0 |      87 |   0.0 |  1529
      Vaults:1 |       0 |   44151 |   0.0 |       0 |      69 |   0.0 |  1191
      Vaults:2 |       0 |   62007 |   0.0 |       0 |     102 |   0.0 |  2072
      Vaults:3 |       0 |   48641 |   0.0 |       0 |      62 |   0.0 |  2102
      Vaults:4 |       0 |   35098 |   0.0 |       0 |      66 |   0.0 |  1459
      Depths:1 |       0 |   52324 |   0.0 |       0 |      71 |   0.0 |  1936
      Depths:2 |       0 |  157952 |   0.0 |       0 |     149 |   0.0 |  3224
      Depths:3 |       0 |   46610 |   0.0 |       0 |      57 |   0.0 |  1304
      Depths:4 |       0 |   13757 |   0.0 |       0 |      21 |   0.0 |   106
         IceCv |       0 |    6346 |   0.0 |       0 |      54 |   0.0 |   663
               +---------+---------+-------+---------+---------+-------+---------
